 Dungeon Crawl Stone Soup version 0.29.1-2-gbd0b4ee654 (webtiles) character file.

Game seed: 3054665695839958025

63 qeuew the Shield-Bearer (level 3, -5/33 HPs)
             Began as a Minotaur Fighter on Nov 15, 2022.
             Slain by a goblin
             ... wielding a +0 club
             ... led by Robin
              (6 damage)
             ... on level 2 of the Dungeon.
             The game lasted 00:01:19 (1222 turns).

qeuew the Shield-Bearer (Minotaur Fighter)          Turns: 1222, Time: 00:01:20

Health: -5/33      AC:  4    Str: 20    XL:     3   Next: 89%
Magic:  2/2        EV:  9    Int:  5    God:
Gold:   74         SH: 10    Dex: 11    Spells: 2/2 levels left

rFire   . . .      SeeInvis .   a - +0 war axe
rCold   . . .      Faith    .   c - +1 buckler
rNeg    . . .      Spirit   .   b - +0 scale mail
rPois   .          Reflect  +   (helmet restricted)
rElec   .          Harm     .   (no cloak)
rCorr   .          Rampage  .   (no gloves)
Will    .....                   (no boots)
Stlth   ..........              e - amulet of reflection
HPRegen 0.11/turn               (no ring)
MPRegen 0.08/turn               (no ring)

@: no status effects
A: horns 2, retaliatory headbutt, deformed body, mutation resistance 1
a: no special abilities


You were on level 2 of the Dungeon.
You visited 1 branch of the dungeon, and saw 2 of its levels.

You collected 74 gold pieces.

Inventory:

Hand Weapons
 a - a +0 war axe (weapon)
Armour
 b - a +0 scale mail (worn)
 c - a +1 buckler (worn)
Jewellery
 e - an amulet of reflection (around neck)
Scrolls
 j - a scroll of identify
Potions
 d - a potion of might


   Skills:
 + Level 4.1 Fighting
 + Level 3.1 Axes
 + Level 4.1 Armour
 + Level 1.4 Dodging
 + Level 4.2 Shields


You had 2 spell levels left.
You didn't know any spells.
Your spell library was empty.

Dungeon Overview and Level Annotations

Branches:
Dungeon (2/15)

Altars:

Annotations:
D:2 Robin


Innate Abilities, Weirdness & Mutations

You have a pair of horns on your head.
You reflexively headbutt those who attack you in melee.
Armour fits poorly on your strangely shaped body.
You are somewhat resistant to further mutation.


Message History

Unknown command.
You are too injured to fight recklessly!
You are too injured to fight recklessly!
Unknown command.
You are too injured to fight recklessly!
Unknown command.
You are too injured to fight recklessly!
You slash the goblin!
You kill the goblin!
You hit the goblin but do no damage. You slash the adder!
You kill the adder!
You closely miss the goblin. You block the goblin's attack.
The goblin barely misses you. You block the goblin's attack.
The goblin hits you with a +0 dagger. You block the hobgoblin's attack.
You barely miss the goblin. Your headbutt misses the goblin.
You hit the hobgoblin. You slash the goblin!
You kill the goblin!
You block the goblin's attack. The hobgoblin hits you.
You closely miss the hobgoblin. Your headbutt misses the hobgoblin.
You barely miss the goblin. You closely miss the hobgoblin.
You block the goblin's attack.
The hobgoblin hits you but does no damage.
You closely miss the hobgoblin. You headbutt the hobgoblin.
You kill the hobgoblin!
You barely miss the goblin. You barely miss the hobgoblin.
You block the goblin's attack.
Robin hits you from afar with a +0 spear.
You block the hobgoblin's attack. The goblin barely misses you.
Robin barely misses you. The hobgoblin closely misses you.
You barely miss the hobgoblin. You hit the goblin. You block Robin's attack.
The goblin hits you with a +0 club.
* * * LOW HITPOINT WARNING * * *
You block the hobgoblin's attack.
You hit the hobgoblin but do no damage. You hit the goblin but do no damage.
Robin hits you from afar with a +0 spear.
* * * LOW HITPOINT WARNING * * *
You block the goblin's attack. The hobgoblin hits you.
* * * LOW HITPOINT WARNING * * *
The goblin hits you with a +0 club.
You die...

##...## ##.....## .
#.......# .# #.?.....#
..# #.$.....###...
#.......g..
##....)g)####.#
#.....)@)......
########.....g)#####..
##..............#
#..............##
[....<........##
..............#
..............#
..............#
..............#


You could see Robin, a hobgoblin (strong) and a goblin (strong).

Vanquished Creatures
  2 adders (D:2)
  A worm (D:2)
  A dart slug (D:1)
  5 bats
  4 endoplasms (D:1)
  3 giant cockroaches
  8 goblins
  6 hobgoblins
  A quokka (D:1)
  2 ball pythons (D:1)
  A frilled lizard (D:1)
  A kobold (D:1)
  3 rats
38 creatures vanquished.

Vanquished Creatures (others)
  A fungus (D:2)
  A plant (D:2)
2 creatures vanquished.

Grand Total: 40 creatures vanquished

Notes
Turn   | Place    | Note
-------+----------+-------------------------------------------
     0 | D:1      | qeuew the Minotaur Fighter began the quest for the Orb.
     0 | D:1      | Reached XP level 1. HP: 19/19 MP: 0/0
   229 | D:1      | Reached XP level 2. HP: 16/27 MP: 1/1
   578 | D:1      | Reached skill level 1 in Dodging
  1072 | D:1      | Gained mutation: Armour fits poorly on your strangely
                  | shaped body. [potion of mutation]
  1072 | D:1      | Gained mutation: You are somewhat resistant to further
                  | mutation. [potion of mutation]
  1132 | D:2      | Reached XP level 3. HP: 32/33 MP: 2/2
  1210 | D:2      | Noticed Robin
  1222 | D:2      | HP: 1/33 [hobgoblin[Robin] (4)]
  1222 | D:2      | Slain by a goblin

Illustrated notes

Levels and vault maps discovered:
D:1:      onia_arrival_mini_spirals, layout_loops_corners
D:2:      layout_rooms, shapermc_ecumenical_altar_rom_forum, uniq_natasha,
          uniq_jessica, uniq_robin

Skill      XL: |  1  2  3 |
---------------+----------+-----
Dodging        | 1 |  1.4
Shields        | 4 |  4.2
Fighting       | 4 |  4.1
Armour         | 4 |  4.1
Axes           | 3 |  3.1

Action                   || total
-------------------------++-------
Melee: War axe           ||    75
       Headbutt          ||    10
  Use: Potion            ||     4
       Scroll            ||     4
Armor: Scale mail        ||    43
Dodge: Dodged            ||    44
Block: Buckler           ||    27
